 Dungeon Crawl Stone Soup version 0.22.1 (webtiles) character file.

53 Fymir27 the Sneak (level 3, 0/17 HPs)
             Began as a Vine Stalker Ice Elementalist on Sept 18, 2018.
             Succumbed to an adder's poison
             ... on level 2 of the Dungeon.
             The game lasted 00:07:50 (1802 turns).

Fymir27 the Sneak (Vine Stalker Ice Elementalist)   Turns: 1802, Time: 00:07:51

Health: 0/17       AC:  4    Str: 10    XL:     3   Next: 89%
Magic:  4/7        EV: 12    Int: 16    God:
Gold:   58         SH:  0    Dex: 14    Spells: 0/6 levels left

rFire    + . .     SeeInvis .   k - +2 dagger (drain)
rCold    + . .     Gourm    .   (no shield)
rNeg     . . .     Faith    .   a - +0 robe
rPois    +         Spirit   +   (no helmet)
rElec    +         Reflect  .   (no cloak)
rCorr    +         Harm     .   (no gloves)
MR       .....                  q - +1 pair of boots
Stlth    +++.......             t - amulet of magic regeneration
HPRegen  0.05/turn              (no ring)
MPRegen  0.10/turn              (no ring)

@: lethally poisoned (0 -> -11), resistant, very slightly contaminated
A: fangs 2, magic shield, antimagic bite, no potion heal 3, rot immunity
a: no special abilities


You were on level 2 of the Dungeon.
You were very hungry.

You visited 1 branch of the dungeon, and saw 2 of its levels.

You collected 58 gold pieces.

Inventory:

Hand Weapons
 d - a +0 dagger of protection
 j - a +0 spear
 k - a +2 dagger of draining (weapon)
 s - a +0 hunting sling
Missiles
 b - 124 stones (quivered)
 e - 8 curare-tipped needles
 i - 6 sling bullets
 m - 15 arrows
Armour
 a - a +0 robe (worn)
 h - a +0 pair of boots
 q - a +1 pair of boots (worn)
Jewellery
 t - an amulet of magic regeneration (around neck)
Scrolls
 f - a scroll of remove curse {unknown}
 g - a scroll of immolation {unknown}
 l - a scroll of blinking {unknown}
 o - 2 scrolls of noise {unknown}
 p - a scroll of teleportation {unknown}
 r - a scroll of identify {unknown}
 u - a scroll of enchant armour {unknown}
Comestibles
 c - 7 rations


   Skills:
 + Level 0.9 Fighting
 + Level 1.0 Short Blades
 - Level 1.5 Dodging
 * Level 3.8 Stealth
 + Level 2.2 Spellcasting
 - Level 1.0 Conjurations
 + Level 0.2 Charms
 + Level 3.3 Ice Magic


You couldn't memorise any spells.
You knew the following spells:

 Your Spells              Type           Power        Failure   Level  Hunger
a - Freeze                Ice            ##..         4%          1    #......
b - Throw Frost           Conj/Ice       #.....       12%         2    ###....
c - Ozocubu's Armour      Chrm/Ice       #.......     28%         3    ###....

Your spell library contained the following spells:

 Spells                   Type           Power        Failure   Level  Hunger
 Throw Icicle             Conj/Ice       #.......     63%         4    #####..
 Summon Ice Beast         Ice/Summ       #.......     69%         4    #####..


Dungeon Overview and Level Annotations

Branches:
Dungeon (2/15)

Altars:


Innate Abilities, Weirdness & Mutations

You have extremely sharp teeth.
When hurt, damage is shared between your health and your magic reserves.
Your bite disrupts and absorbs the magic of your enemies.
Potions cannot restore your health.
You are immune to rotting.


Message History

You feel sick. The kobold barely misses you.
Casting: Freeze (safe; 4% risk of failure)
Confirm with . or Enter, or press ? or * to list all spells.
Aiming: Freeze (safe; 4% risk of failure)
Press: ? - help, Shift-Dir - straight line, f - kobold
Aim: a kobold, wielding a club You freeze the kobold.
You kill the kobold!
* * * LOW HITPOINT WARNING * * *
You feel sick.
You aren't carrying any potions.
Unknown command.
Put on which piece of jewellery? (? for menu, Esc to quit)
You sense that the amulet cannot attune itself to your exhausted body.
t - an amulet of magic regeneration (around neck)
* * * LOW HITPOINT WARNING * * *
You feel sick.
* * * LOW HITPOINT WARNING * * *
You feel sick.
You die...

#..........>........
#.#####.###..##.#.## #.#
#.###..##.#.# #.#
#.........#.## #.#
#..##.#####..# #.# #..##.#
#..# #.# #..##.#####..#
######.#####..##.........
.........@)...#########...
#############..... #... ##
### #... ..... ....#.#
.....#.# .....#.# .....#.#
.'..


There were no monsters in sight!

Vanquished Creatures
  2 adders (D:2)
  A shadow imp (D:2)
  2 dart slugs (D:1)
  5 goblins
  4 jackals (D:1)
  3 bats
  3 frilled lizards
  3 kobolds
  4 rats
27 creatures vanquished.

Notes
Turn   | Place    | Note
-------+----------+-------------------------------------------
     0 | D:1      | Fymir27 the Vine Stalker Ice Elementalist began the quest
                  | for the Orb.
     0 | D:1      | Reached XP level 1. HP: 9/9 MP: 4/4
   423 | D:1      | Reached XP level 2. HP: 8/13 MP: 0/6
   572 | D:1      | Learned a level 2 spell: Throw Frost
  1316 | D:2      | Noticed an ogre
  1403 | D:2      | Reached XP level 3. HP: 12/17 MP: 4/7
  1751 | D:2      | Learned a level 3 spell: Ozocubu's Armour
  1797 | D:2      | Reached skill level 1 in Short Blades
  1802 | D:2      | Succumbed to an adder's poison

Skill      XL: |  1  2  3 |
---------------+----------+-----
Stealth        | 3 |  3.8
Short Blades   | 1 |  1.0
Fighting       | |  0.9
Dodging        | |  1.5
Spellcasting   | |  2.2
Conjurations   | |  1.0
Charms         | |  0.2
Ice Magic      | |  3.3

Action                   || total
-------------------------++-------
Melee: Dagger            ||    31
       Unarmed           ||     1
       Bite              ||     3
Throw: Stone             ||     3
 Cast: Freeze            ||    32
       Throw Frost       ||     2
  Use: Potion            ||     2
 Stab: Sleeping          ||     4
  Eat: Chunk             ||     2
Armor: Robe              ||    13
Dodge: Dodged            ||    26
